 Dungeon Crawl Stone Soup version 0.28.0-53-g5a82cb258f (webtiles) character file.

Game seed: 8142808049028198852

620 boopmooplesden the Cudgeller (level 7, 0/61 HPs)
             Began as a Minotaur Fighter on June 22, 2022.
             Succumbed to Blork the orc's poison
             ... on level 4 of the Dungeon.
             The game lasted 00:04:02 (3155 turns).

boopmooplesden the Cudgeller (Minotaur Fighter)     Turns: 3155, Time: 00:04:03

Health: 0/61       AC:  8    Str: 20    XL:     7   Next: 22%
Magic:  6/6        EV: 10    Int:  5    God:
Gold:   137        SH:  5    Dex: 12    Spells: 6/6 levels left

rFire   . . .      SeeInvis .   e - +1 whip (drain)
rCold   . . .      Faith    .   c - +0 buckler
rNeg    . . .      Spirit   .   b - +0 scale mail
rPois   .          Reflect  .   (helmet restricted)
rElec   .          Harm     .   (no cloak)
rCorr   .          Rampage  .   (no gloves)
Will    .....                   n - +0 pair of boots
Stlth   ..........              (no amulet)
HPRegen 0.20/turn               (no ring)
MPRegen 0.10/turn               (no ring)

@: mighty, lethally poisoned (0 -> -10), flying
A: horns 2, retaliatory headbutt
a: no special abilities


You were on level 4 of the Dungeon.
You visited 1 branch of the dungeon, and saw 4 of its levels.

You collected 137 gold pieces.

Inventory:

Hand Weapons
 a - a +0 flail
 e - a +1 whip of draining (weapon)
 f - a +0 spear of flaming
Armour
 b - a +0 scale mail (worn)
 c - a +0 buckler (worn)
 n - a +0 pair of boots (worn)
Jewellery
 h - a ring of wizardry
Wands
 q - a wand of polymorph (14)
Scrolls
 o - a scroll of magic mapping
 p - a scroll of identify
 s - a scroll of immolation {unknown}
Potions
 g - 2 potions of lignification
 i - a potion of attraction {unknown}
 j - 2 potions of flight
 k - a potion of resistance {unknown}
 l - a potion of mutation {unknown}
 m - a potion of heal wounds {unknown}
 r - a potion of cancellation {unknown}


   Skills:
 + Level 5.1 Fighting
 + Level 6.1 Maces & Flails
 + Level 6.0 Armour
 + Level 2.3 Dodging
 + Level 0.5 Stealth
 + Level 4.6 Shields


You had 6 spell levels left.
You didn't know any spells.
Your spell library contained the following spells:

 Spells                   Type           Power      Damage    Failure   Level
 Sublimation of Blood     Necr           0%         N/A       95%         2
 Wereblood                Tmut           0%         N/A       95%         2
 Summon Hydra             Summ           0%         N/A       100%        7


Dungeon Overview and Level Annotations

Branches:
Dungeon (4/15)
 Temple: D:4-7

Altars:

Shops:
D:1 ?

Annotations:
D:4 Edmund, Sigmund


Innate Abilities, Weirdness & Mutations

You have a pair of horns on your head.
You reflexively headbutt those who attack you in melee.


Message History

a +0 vorpal flail; a +0 robe You closely miss Sigmund.
You hit Sigmund. You drain Sigmund.
Sigmund is moderately wounded.
Blork the orc mumbles some strange words.
Blork the orc seems to speed up.
Sigmund hits you but does no damage.
Blork the orc gestures at you while chanting.
The puff of frost hits you. You block Sigmund's attack.
Sigmund closely misses you.
Blork the orc suddenly cheers.
Blork the orc hits you from afar with a +3 glaive of venom!
You are poisoned.
You feel very sick.
Okay, then.
You feel very mighty all of a sudden.
You feel very sick. Blork the orc barely misses you.
Blork the orc hits you from afar with a +3 glaive of venom!
* * * LOW HITPOINT WARNING * * *
You are more poisoned.
* * * LOW HITPOINT WARNING * * *
You feel very sick.
Blork the orc hits you but does no damage.
You whack Blork the orc! You drain Blork the orc!
Your headbutt misses Blork the orc.
Blork the orc is almost dead.
* * * LOW HITPOINT WARNING * * *
You feel very sick.
Sigmund seems less drained.
You block Blork the orc's attack.
You whack Blork the orc!
You kill Blork the orc!
* * * LOW HITPOINT WARNING * * *
You feel sick.
Your Maces & Flails skill increases to level 6!
Your Armour skill increases to level 6!
It was a potion of flight.
You feel very buoyant.
You fly up into the air.
You die...

#### #..
#.#######
#.#)#...
#@#....
#@#...#
#@#...#
#.#...####
#.#...#≈≈#
#.....#..#
#..@o.#..#
#.#...@..#
#.#.)##..#


You could see Edmund and Sigmund.

Vanquished Creatures
  A necrophage (D:4)
  An ogre (D:4)
  A phantom (D:4)
  Blork the orc (D:4)
  2 orc priests (D:3)
  A jelly (D:4)
  An orc wizard (D:4)
  4 adders
  4 gnolls
  An adder skeleton (D:4)
  A worm (D:2)
  3 dart slugs
  13 orcs
  11 endoplasms
  3 giant cockroaches
  7 goblins
  11 hobgoblins
  5 quokkas
  8 ball pythons
  2 bats
  5 frilled lizards
  7 kobolds
  5 rats
98 creatures vanquished.

Vanquished Creatures (others)
  5 plants (D:4)
5 creatures vanquished.

Grand Total: 103 creatures vanquished

Notes
Turn   | Place    | Note
-------+----------+-------------------------------------------
     0 | D:1      | boopmooplesden the Minotaur Fighter began the quest for the
                  | Orb.
     0 | D:1      | Reached XP level 1. HP: 19/19 MP: 0/0
   110 | D:1      | Reached XP level 2. HP: 10/27 MP: 1/1
   578 | D:1      | Reached XP level 3. HP: 26/33 MP: 2/2
   667 | D:1      | Found Nups's Magic Scroll Emporium.
   769 | D:1      | Found a faded altar of an unknown god.
  1285 | D:2      | Reached XP level 4. HP: 37/40 MP: 3/3
  1604 | D:2      | Reached skill level 1 in Dodging
  1974 | D:3      | Reached XP level 5. HP: 27/47 MP: 4/4
  2256 | D:3      | Reached skill level 5 in Armour
  2679 | D:4      | Noticed a phantom
  2691 | D:4      | Killed a phantom
  2692 | D:4      | Reached skill level 5 in Maces & Flails
  2692 | D:4      | Reached XP level 6. HP: 50/55 MP: 5/5
  2781 | D:4      | Reached skill level 5 in Fighting
  2943 | D:4      | Reached XP level 7. HP: 52/61 MP: 6/6
  3123 | D:4      | Noticed Sigmund
  3123 | D:4      | Noticed Blork the orc
  3124 | D:4      | Noticed Edmund
  3154 | D:4      | Killed Blork the orc
  3154 | D:4      | HP: 3/61 [poisoned by Blork the orc]
  3155 | D:4      | Succumbed to Blork the orc's poison

Illustrated notes

Levels and vault maps discovered:
D:1:      lemuel_arrival_hallway, layout_rooms,
          shapermc_ecumenical_altar_notcrosses, serial_shops,
          nicolae_lakefront_shop, chequers_arboretum
D:2:      layout_rooms
D:3:      layout_rooms
D:4:      layout_loops_cross, sigmund_edmund_badplayer, uniq_duvessa,
          uniq_blork_the_orc, uniq_natasha

Skill      XL: |  1  2  3  4  5  6  7 |
---------------+----------------------+-----
Fighting       | 4 5 |  5.1
Maces & Flails | 3 4 5 6 |  6.1
Armour         | 4 5 6 |  6.0
Shields        | 4 |  4.6
Dodging        | 1 2 |  2.3
Stealth        | |  0.5

Action                   |  1- 3 |  4- 6 |  7- 9 || total
-------------------------+-------+-------+-------++-------
Melee: Flail             |    70 |       |       ||    70
       Headbutt          |    16 |    21 |     3 ||    40
       Whip              |     3 |   132 |    22 ||   157
  Use: Scroll            |     4 |     2 |       ||     6
       Potion            |       |       |     2 ||     2
Armor: Scale mail        |    49 |    54 |     9 ||   112
Dodge: Dodged            |    45 |    52 |     7 ||   104
Block: Buckler           |    19 |    20 |     4 ||    43
